 Dungeon Crawl Stone Soup version 0.27-a0-705-ga0013940fb (webtiles) character file.

Game seed: 18193532306945781808

15 dickylongcocking the Chopper (level 2, -1/27 HPs)
             Began as a Deep Dwarf Berserker on Mar 23, 2021.
             Was a Follower of Trog.
             Slain by a goblin
             ... wielding a +0 club
              (3 damage)
             ... on level 1 of the Dungeon.
             The game lasted 00:00:22 (204 turns).

dickylongcocking the Chopper (Deep Dwarf Berserker)  Turns: 204, Time: 00:00:23

Health: -1/27      AC:  2    Str: 20    XL:     2   Next: 34%
Magic:  2/2        EV: 12    Int:  7    God:    Trog [*.....]
Gold:   35         SH:  0    Dex: 12    Spells: 1/1 levels left

rFire    . . .     SeeInvis .   a - +0 hand axe
rCold    . . .     Faith    .   (no shield)
rNeg     . . .     Spirit   .   b - +0 animal skin
rPois    .         Reflect  .   (no helmet)
rElec    .         Harm     .   (no cloak)
rCorr    .         Rampage  .   (no gloves)
Will     .....                  (no boots)
Stlth    +.........             (no amulet)
HPRegen  0.00/turn              (no ring)
MPRegen  0.08/turn              (no ring)

@: berserk cooldown, non-regenerating
A: damage resistance, heal wounds, sense surroundings 1, no regeneration
a: Heal Wounds, Renounce Religion, Berserk


You were on level 1 of the Dungeon.
You worshipped Trog.
Trog was aware of your devotion.
You visited 1 branch of the dungeon, and saw 1 of its levels.

You collected 35 gold pieces.

Inventory:

Hand Weapons
 a - a +0 hand axe (weapon)
Armour
 b - a +0 animal skin (worn)
Scrolls
 c - a scroll of brand weapon {unknown}
 e - a scroll of magic mapping {unknown}
Potions
 d - a potion of might {unknown}


   Skills:
 - Level 2.6 Fighting
 * Level 4.2 Axes
 - Level 2.1 Armour
 - Level 2.1 Dodging


You had one spell level left.
You didn't know any spells.
Your spell library was empty.

Dungeon Overview and Level Annotations

Branches:
Dungeon (1/15)

Altars:


Innate Abilities, Weirdness & Mutations

You are resistant to damage.
You can heal yourself by infusing magical energy.
You passively map a small area around you.
You do not regenerate.


Message History

You feel a strong urge to attack something.
A bat comes into view.
You slash the giant cockroach!
You kill the giant cockroach!
Trog accepts your kill.
You hit the dart slug. The bat hits you but does no damage.
You see here a giant cockroach corpse.
You slash the dart slug!
You kill the dart slug!
Trog accepts your kill.
You closely miss the bat. The bat barely misses you. x2
You barely miss the bat. The bat hits you. The bat hits you but does no damage.
You miss the bat. The bat hits you but does no damage.
You slash the bat!
You kill the bat!
Trog accepts your kill.
You are no longer berserk.
You are exhausted.
You feel yourself slow down.
Unknown command.
Things that are here:
a +0 dagger; a goblin corpse You now have 35 gold pieces (gained 14).
e - a scroll labelled CICSOYT ZICIO You feel yourself speed up.
A goblin comes into view. It is wielding a +0 club.
The goblin shouts!
You hear an angry hiss.
Found a stone staircase leading down.
You are too injured to fight recklessly!
A goblin is nearby!
You are too injured to fight recklessly!
A goblin is nearby!
You are too injured to fight recklessly!
You are too injured to fight recklessly!
A ball python comes into view.
The ball python hisses angrily.
You barely miss the goblin. The goblin barely misses you.
You closely miss the goblin. The goblin hits you with a +0 club.
You die...

...#..#* # ###.#### *
##...##* * ###.# *
##..##* # #...#
#)..##.# #.### ,
##......####.#
##..≈≈≈≈......########
...≈≈≈≈≈≈...##.......#
...≈≈≈≈≈≈............#
,
...≈≈≈≈≈≈...##..@....#
#...≈≈≈≈... #...g>..#
##......... #..S....#
* ###........*
#.......# , #
#........* ####.#### ,
# .......,* .# * ,, .#
,* , .# * * ,


You could see a goblin and a ball python.

Vanquished Creatures
  A dart slug (D:1)
  A bat (D:1)
  2 giant cockroaches (D:1)
  A goblin (D:1)
  3 hobgoblins (D:1)
  A quokka (D:1)
  A ball python (D:1)
  A kobold (D:1)
11 creatures vanquished.

Notes
Turn   | Place    | Note
-------+----------+-------------------------------------------
     0 | D:1      | dickylongcocking the Deep Dwarf Berserker began the quest
                  | for the Orb.
     0 | D:1      | Reached XP level 1. HP: 20/20 MP: 1/1
   156 | D:1      | Reached skill level 4 in Axes
   156 | D:1      | Reached XP level 2. HP: 4/27 MP: 2/2
   204 | D:1      | Slain by a goblin

Illustrated notes

Levels and vault maps discovered:
D:1:      dpeg_arrival_pits, layout_rooms, st_stairs_13, minmay_misc_feat_rows

Skill      XL: |  1 |
---------------+----+-----
Axes           | 4 |  4.2
Fighting       | |  2.6
Armour         | |  2.1
Dodging        | |  2.1

Action                   || total
-------------------------++-------
Melee: Hand axe          ||    38
Invok: Berserk           ||     1
Armor: Animal skin       ||     5
Dodge: Dodged            ||    40

Table legend: (Time is in decaauts)
 A = Elapsed time spent in this place.
 B = Non-inter-level travel time spent in this place.
 C = Inter-level travel time spent in this place.
 D = Time resting spent in this place.
 E = Time spent auto-exploring this place.
 F = Levels seen in this place.
 G = Mean time per level.
                   A        B        C        D        E       F      G
               +--------+--------+--------+--------+--------+-----+--------+
         Total |    220 |    220 |      0 |      0 |    150 |   1 |  220.0 |
       Dungeon |    220 |    220 |      0 |      0 |    150 |   1 |  220.0 |
               +--------+--------+--------+--------+--------+-----+--------+

Top non-repeatable levels by time:
     D:1: 220 daAuts
